 Dungeon Crawl Stone Soup version 0.21.1-1-g345015f (webtiles) character file.

23484 jerryfan the Quickloader (level 13, -5/156 HPs)
             Began as a Gnoll Wanderer on May 21, 2018.
             Slain by a frost giant
             ... wielding a +2 battleaxe of freezing
              (9 damage)
             ... in an ice cave on May 23, 2018.
             The game lasted 01:49:50 (15715 turns).

jerryfan the Quickloader (Gnoll Wanderer)          Turns: 15715, Time: 01:49:50

Health: -5/156     AC: 26    Str: 20    XL:     13   Next: 7%
Magic:  11/24      EV:  2    Int: 15    God:
Gold:   941        SH:  0    Dex: 14    Spells: 11/27 levels left

rFire    x . .     SeeInvis +   B - +4 quarterstaff (chaos)
rCold    + . .     Gourm    .   (shield currently unavailable)
rNeg     + + +     Faith    .   (armour currently unavailable)
rPois    +         Spirit   .   (helmet currently unavailable)
rElec    .         Reflect  .   (cloak currently unavailable)
rCorr    .         Harm     .   (gloves currently unavailable)
MR       .....     NoTele   +   (boots currently unavailable)
Stlth    ++++......             (no amulet)
HPRegen  0.36/turn              l - ring of see invisible
MPRegen  0.19/turn              m - ring of ice

@: tree-form
A: distributed training, rugged brown scales 1, strong nose
a: no special abilities


You were in an ice cave.
You were not hungry.
You were a tree.
You visited 2 branches of the dungeon, and saw 13 of its levels.
You also visited: Ice Cave.

You collected 1049 gold pieces.
You spent 108 gold pieces at shops.

Inventory:

Hand Weapons
 c - a +0 hand crossbow
 i - a +0 dagger of draining
 B - a +4 quarterstaff of chaos (weapon)
 J - a +0 blowgun
 M - the +9 mace of Benevolence {antimagic, Int+5}
   (You found it in an ice cave)

   It reduces the magical energy of the wielder, and disrupts the spells and
   magical abilities of those hit.
   Natural abilities and divine invocations are not affected.
   It affects your intelligence (+5).
 N - a +0 quarterstaff of freezing
Missiles
 x - 3 curare-tipped needles
 E - 60 bolts
Armour
 g - a +0 helmet (melded)
 p - a scarf of resistance (melded)
 t - a +0 pair of boots (melded)
 A - a +2 pair of gloves (melded)
 D - a +0 troll leather armour (melded)
 O - a +1 robe of cold resistance
 U - a +0 robe of positive energy
 Y - a +0 shield
 Z - the cursed +1 plate armour of Crawling {Dex+6}
   (You found it on level 9 of the Dungeon)

   It affects your dexterity (+6).
   It has a curse placed upon it.
Magical Staves
 r - an uncursed staff of death
 H - an uncursed staff of wizardry
Jewellery
 l - a ring of see invisible (left branch)
 m - a ring of ice (right branch)
 q - an uncursed ring of fire
 y - an uncursed ring of protection from fire
 z - an uncursed amulet of faith
 F - an uncursed ring of ice
 L - a +2 ring of strength
 S - an uncursed amulet of harm
Wands
 a - a wand of acid (11)
 o - a wand of iceblast (5)
 s - a wand of polymorph (10)
 W - a wand of flame (18)
Scrolls
 e - a scroll of enchant weapon {unknown}
 n - 5 scrolls of immolation
 u - 4 scrolls of remove curse
 K - 2 scrolls of random uselessness {unknown}
 P - a scroll of teleportation
 Q - a scroll of blinking {unknown}
 R - a scroll of fog
 V - a scroll of magic mapping {unknown}
 X - a scroll of torment
Potions
 h - a potion of might
 v - 2 potions of cancellation
 G - a potion of agility
 T - 2 potions of curing
Books
 b - a book of Flames

   Spells                             Type                      Level
   a - Flame Tongue                   Conjuration/Fire             1
   b - Throw Flame                    Conjuration/Fire             2
   c - Conjure Flame                  Conjuration/Fire             3
   d - Inner Flame                    Hexes/Fire                   3
   e - Sticky Flame                   Conjuration/Fire             4
   f - Fireball                       Conjuration/Fire             5
 w - a book of Misfortune

   Spells                             Type                      Level
   a - Confusing Touch                Hexes                        1
   b - Confuse                        Hexes                        3
   c - Gell's Gravitas                Translocation                3
   d - Petrify                        Transmutation/Earth          4
   e - Metabolic Englaciation         Hexes/Ice                    5
   f - Yara's Violent Unravelling     Hexes/Transmutation          5
Miscellaneous
 I - a phial of floods (inert)
Comestibles
 f - 22 rations
 k - 5 chunks of flesh


   Skills:
 + Level 9.1 Fighting
 + Level 7.8 Short Blades
 + Level 7.8 Long Blades
 + Level 7.8 Axes
 + Level 7.8 Maces & Flails
 + Level 7.8 Polearms
 + Level 7.8 Staves
 + Level 7.8 Slings
 + Level 7.8 Bows
 + Level 10.1 Crossbows
 + Level 7.8 Throwing
 + Level 8.2 Armour
 + Level 8.2 Dodging
 + Level 7.8 Stealth
 + Level 9.1 Shields
 + Level 8.2 Unarmed Combat
 + Level 7.8 Spellcasting
 + Level 6.4 Conjurations
 + Level 6.4 Hexes
 + Level 6.4 Charms
 + Level 6.4 Summonings
 + Level 6.4 Necromancy
 + Level 6.4 Translocations
 + Level 6.4 Transmutations
 + Level 6.4 Fire Magic
 + Level 6.4 Ice Magic
 + Level 6.4 Air Magic
 + Level 6.4 Earth Magic
 + Level 6.4 Poison Magic
 + Level 8.5 Invocations
 + Level 7.8 Evocations


You had 11 spell levels left.
You knew the following spells:

 Your Spells              Type           Power        Failure   Level  Hunger
a - Throw Flame           Conj/Fire      ####..       1%          2    None
b - Inner Flame           Hex/Fire       ####....     2%          3    ##.....
c - Gell's Gravitas       Tloc           ####......   2%          3    ##.....
d - Sticky Flame          Conj/Fire      ####....     9%          4    ####...
e - Petrify               Tmut/Erth      ####....     9%          4    ####...


Dungeon Overview and Level Annotations

Branches:
Dungeon (12/15)            Temple (0/1) D:6            Lair (1/6) D:10
    Orc (0/2) D:11

Altars:
Ashenzari
Wu Jian
The Shining One

Shops:
D:8 ?

Portals:
Trove: D:10 (give +4 storm dragon scales)

Annotations:
D:10 exclusion: door
D:12 LLlMATKO's ghost, journeyman MiBe


Innate Abilities, Weirdness & Mutations

Your experience applies equally to all skills.
((You have very sharp teeth.))
Your uncanny sense of smell can sniff out nearby items.
((You have large cloven feet.))
(You are partially covered in rugged brown scales. (AC +1, +3% HP))
((Your flesh is cold resistant. (rC+)))


Message History

The polar bear closely misses you.
As you read the scroll of teleportation, it crumbles to dust.
You feel strangely unstable. The polar bear misses you.
The polar bear closely misses you. The polar bear claws you.
* * * LOW HITPOINT WARNING * * *
The frost giant is no longer petrified.
The frost giant hits you with a battleaxe of freezing!!
* * * LOW HITPOINT WARNING * * *
You turn into a tree.
Your scarf of resistance melds into your body.
Your +0 helmet melds into your body.
Your +2 pair of gloves melds into your body.
Your +0 pair of boots melds into your body.
Your +0 troll leather armour melds into your body.
You feel hot and cold all over.
Your roots penetrate the ground.
You feel strangely stable.
The polar bear bites you but does no damage.
The polar bear claws you but does no damage. x2
The frost giant hits you with a battleaxe of freezing!
You die...

##.# #h## #.##
#.Y# ##.# ##h#
###h## ##.#h#
#..C♣# ##.#.##
≈≈≈ #.###.#
≈#≈≈##.##..#
≈≈≈≈≈#..#.##
≈#≈≈≈##.##.##
≈≈≈≈#≈#≈.##.##
#≈≈≈≈≈≈#≈###.#
####
##≈≈≈≈≈≈≈##.##


You could see a frost giant, 3 polar bears and a yak.

Vanquished Creatures
  Snorg (D:11)
  Fannar (Lair:1)
  A hydra (D:11)
  2 death yaks (IceCv)
  2 unseen horrors (D:12)
  An ugly thing (D:12)
  2 cyclopes (D:11)
  A centaur zombie (D:12)
  The ghost of Doomer the Chopper, a novice MiFi (D:5)
  2 guardian mummies (D:10)
  7 polar bears (IceCv)
  4 trolls
  Grinder (D:6)
  31 yaks
  A hippogriff (D:9)
  A spriggan (shapeshifter) (IceCv)
  Sigmund (D:5)
  A wraith (D:11)
  A human (D:11)
  A hungry ghost (D:7)
  A steam dragon (D:11)
  2 wargs (D:11)
  A soldier ant (D:10)
  Edmund (D:5)
  A porcupine (Lair:1)
  3 orc warriors
  2 black bears
  5 phantoms
  4 ice beasts
  4 sky beasts
  An eye of draining (D:10)
  A boggart (shapeshifter) (D:7)
  9 centaurs
  An ogre (D:7)
  13 wolves
  2 crocodiles
  4 big kobolds
  5 bullfrogs
  A gnoll sergeant (D:10)
  A wyvern zombie (D:11)
  6 scorpions
  6 killer bees (D:8)
  6 wights
  5 howler monkeys
  4 electric eels
  5 bullfrog zombies
  9 crimson imps
  A quasit (D:9)
  8 hounds
  3 jellies
  3 orc priests
  Crazy Yiuf (D:5)
  4 iguanas
  7 worker ants
  11 orc wizards
  A hound zombie (D:6)
  A howler monkey zombie (D:7)
  A worker ant zombie (D:8)
  14 gnolls
  8 adders
  An adder (shapeshifter) (D:8)
  4 shadow imps
  12 white imps (D:12)
  A worm (D:6)
  2 adder skeletons (D:6)
  3 dart slugs
  6 leopard geckos
  22 orcs
  3 ball pythons
  3 giant cockroaches
  11 hobgoblins
  9 jackals
  3 quokkas
  7 bats
  12 frilled lizards
  6 goblins
  A jackal skeleton (D:6)
  A jackal zombie (D:7)
  19 kobolds
  A quokka skeleton (D:6)
  A quokka zombie (D:5)
  7 rats
  A fungus (Lair:1)
  5 plants (D:10)
370 creatures vanquished.

Vanquished Creatures (collateral kills)
  5 yaks (D:9)
  A wolf (Lair:1)
  A wight (D:10)
7 creatures vanquished.

Vanquished Creatures (others)
  2 polar bears (IceCv)
  Grum (Lair:1)
  A basilisk (Lair:1)
  3 yaks
  A water moccasin (Lair:1)
  A scorpion (D:4)
  A wight (D:10)
  A centaur skeleton (D:7)
  A worker ant (D:10)
  An adder skeleton (D:10)
  A fungus (Lair:1)
14 creatures vanquished.

Grand Total: 391 creatures vanquished

Notes
Turn   | Place    | Note
-------+----------+-------------------------------------------
     0 | D:1      | jerryfan the Gnoll Wanderer began the quest for the Orb.
     0 | D:1      | jerryfan set off with: 2 potions of berserk rage, a +0 hand axe, a +0 hand crossbow, 26 bolts, a +0 robe, a ration
     0 | D:1      | Reached XP level 1. HP: 20/20 MP: 1/1
    86 | D:1      | Reached XP level 2. HP: 22/26 MP: 2/2
   628 | D:1      | Reached XP level 3. HP: 31/31 MP: 3/3
  1100 | D:2      | Reached skill level 1 in Invocations
  1450 | D:2      | Reached skill level 1 in Short Blades
  1450 | D:2      | Reached skill level 1 in Long Blades
  1450 | D:2      | Reached skill level 1 in Axes
  1450 | D:2      | Reached skill level 1 in Maces & Flails
  1450 | D:2      | Reached skill level 1 in Polearms
  1450 | D:2      | Reached skill level 1 in Staves
  1450 | D:2      | Reached skill level 1 in Slings
  1450 | D:2      | Reached skill level 1 in Bows
  1450 | D:2      | Reached skill level 1 in Throwing
  1450 | D:2      | Reached skill level 1 in Stealth
  1450 | D:2      | Reached skill level 1 in Spellcasting
  1450 | D:2      | Reached skill level 1 in Evocations
  1839 | D:2      | Reached XP level 4. HP: 38/38 MP: 5/5
  2150 | D:3      | Reached skill level 1 in Conjurations
  2150 | D:3      | Reached skill level 1 in Hexes
  2150 | D:3      | Reached skill level 1 in Charms
  2150 | D:3      | Reached skill level 1 in Summonings
  2150 | D:3      | Reached skill level 1 in Necromancy
  2150 | D:3      | Reached skill level 1 in Translocations
  2150 | D:3      | Reached skill level 1 in Transmutations
  2150 | D:3      | Reached skill level 1 in Fire Magic
  2150 | D:3      | Reached skill level 1 in Ice Magic
  2150 | D:3      | Reached skill level 1 in Air Magic
  2150 | D:3      | Reached skill level 1 in Earth Magic
  2150 | D:3      | Reached skill level 1 in Poison Magic
  2934 | D:4      | Reached XP level 5. HP: 43/43 MP: 5/7
  3199 | D:4      | Noticed a black bear
  3503 | D:4      | Reached XP level 6. HP: 50/50 MP: 8/8
  3518 | D:4      | Reached skill level 5 in Fighting
  3518 | D:4      | Reached skill level 5 in Shields
  3936 | D:5      | Entered Level 5 of the Dungeon
  3936 | D:5      | Noticed Edmund
  4058 | D:5      | Noticed a sky beast
  4134 | D:5      | Noticed Sigmund
  4315 | D:5      | Found a runed door.
  4319 | D:5      | Noticed Crazy Yiuf
  4326 | D:5      | Killed Crazy Yiuf
  4519 | D:6      | Reached XP level 7. HP: 54/56 MP: 10/10
  4561 | D:6      | Noticed Grinder
  4589 | D:6      | Found a staircase to the Ecumenical Temple.
  4813 | D:6      | Reached skill level 7 in Crossbows
  5018 | D:6      | Paralysed by Grinder for 7 turns
  5035 | D:6      | Killed Grinder
  5035 | D:6      | Reached XP level 8. HP: 14/63 MP: 10/12
  5914 | D:7      | Reached XP level 9. HP: 55/69 MP: 14/14
  6326 | D:7      | Found an ornate altar of the Wu Jian Council.
  6699 | D:8      | Reached skill level 5 in Armour
  6699 | D:8      | Reached skill level 5 in Dodging
  6699 | D:8      | Reached skill level 5 in Unarmed Combat
  6849 | D:8      | Found a shattered altar of Ashenzari.
  6994 | D:8      | Reached skill level 8 in Crossbows
  7185 | D:8      | Reached skill level 5 in Invocations
  7900 | D:8      | Reached XP level 10. HP: 70/77 MP: 17/17
  7906 | D:8      | Found Ylit's Magic Scroll Boutique.
  7909 | D:8      | Bought a scroll of teleportation for 36 gold pieces
  7909 | D:8      | Bought a scroll of identify for 24 gold pieces
  7909 | D:8      | Bought a scroll of identify for 24 gold pieces
  7909 | D:8      | Bought a scroll of identify for 24 gold pieces
  8158 | D:5      | Noticed Doomer's ghost (novice MiFi)
  8191 | D:5      | Killed Doomer's ghost
  8507 | D:5      | Reached skill level 5 in Short Blades
  8507 | D:5      | Reached skill level 5 in Long Blades
  8507 | D:5      | Reached skill level 5 in Axes
  8507 | D:5      | Reached skill level 5 in Maces & Flails
  8507 | D:5      | Reached skill level 5 in Polearms
  8507 | D:5      | Reached skill level 5 in Staves
  8507 | D:5      | Reached skill level 5 in Slings
  8507 | D:5      | Reached skill level 5 in Bows
  8507 | D:5      | Reached skill level 5 in Throwing
  8507 | D:5      | Reached skill level 5 in Stealth
  8507 | D:5      | Reached skill level 5 in Spellcasting
  8507 | D:5      | Reached skill level 5 in Evocations
  8916 | D:5      | Killed Edmund
  9120 | D:5      | Killed Sigmund
  9534 | D:9      | Found a transporter.
  9542 | D:9      | Found a transporter.
  9960 | D:9      | Found a glowing golden altar of the Shining One.
 10343 | D:9      | Reached XP level 11. HP: 68/84 MP: 19/19
 10632 | D:9      | Got a faintly humming plate armour
 10633 | D:9      | Identified the cursed +1 plate armour of Crawling {Dex+6} (You found it on level 9 of the Dungeon)
 11285 | D:10     | Entered Level 10 of the Dungeon
 11726 | D:10     | Learned a level 2 spell: Throw Flame
 11730 | D:10     | Learned a level 3 spell: Inner Flame
 11780 | D:10     | Found a staircase to the Lair.
 11829 | D:10     | Reached skill level 9 in Crossbows
 11900 | D:10     | Reached skill level 5 in Conjurations
 11900 | D:10     | Reached skill level 5 in Hexes
 11900 | D:10     | Reached skill level 5 in Charms
 11900 | D:10     | Reached skill level 5 in Summonings
 11900 | D:10     | Reached skill level 5 in Necromancy
 11900 | D:10     | Reached skill level 5 in Translocations
 11900 | D:10     | Reached skill level 5 in Transmutations
 11900 | D:10     | Reached skill level 5 in Fire Magic
 11900 | D:10     | Reached skill level 5 in Ice Magic
 11900 | D:10     | Reached skill level 5 in Air Magic
 11900 | D:10     | Reached skill level 5 in Earth Magic
 11900 | D:10     | Reached skill level 5 in Poison Magic
 11938 | Lair:1   | Entered Level 1 of the Lair of Beasts
 11989 | Lair:1   | Noticed Grum
 11991 | Lair:1   | Noticed Fannar
 12005 | Lair:1   | Your ally died
 12039 | Lair:1   | Killed Fannar
 12095 | Lair:1   | Noticed a five-headed hydra
 12779 | D:10     | Found a portal to a secret trove of treasure.
 13532 | D:11     | Noticed a cyclops
 13552 | D:11     | Noticed Snorg
 13561 | D:11     | Found a staircase to the Orcish Mines.
 13565 | D:11     | Killed Snorg
 13570 | D:11     | Noticed a cyclops
 13602 | D:11     | Reached XP level 12. HP: 51/93 MP: 22/22
 13681 | D:11     | Noticed a two-headed ogre
 13867 | D:11     | Gained mutation: Your flesh is cold resistant. (rC+) [potion of mutation]
 13867 | D:11     | Gained mutation: You are partially covered in rugged brown scales. (AC +1, +3% HP) [potion of mutation]
 13867 | D:11     | Gained mutation: You have large cloven feet. [potion of mutation]
 14081 | D:11     | Noticed a seven-headed hydra
 14104 | D:11     | Killed a seven-headed hydra
 14333 | D:11     | Learned a level 3 spell: Gell's Gravitas
 14338 | D:11     | Learned a level 4 spell: Sticky Flame
 14343 | D:11     | Learned a level 4 spell: Petrify
 14468 | D:12     | Noticed LLlMATKO's ghost (journeyman MiBe)
 14570 | D:12     | Found a frozen archway.
 14658 | IceCv    | Entered an ice cave
 14799 | IceCv    | Got a shimmering mace
 14800 | IceCv    | Identified the +9 mace of Benevolence {antimagic, Int+5} (You found it in an ice cave)
 14877 | IceCv    | HP: 3/96 [yak (7)]
 15160 | IceCv    | Reached skill level 10 in Crossbows
 15242 | IceCv    | Noticed a death yak
 15243 | IceCv    | Noticed a death yak
 15268 | IceCv    | Killed a death yak
 15278 | IceCv    | Killed a death yak
 15480 | IceCv    | Reached XP level 13. HP: 84/104 MP: 24/24
 15679 | IceCv    | Noticed a frost giant
 15714 | IceCv    | HP: 3/104 [frost giant/battleaxe of freezing (26)]
 15715 | IceCv    | Slain by a frost giant

Skill      XL: |  1  2  3  4  5  6  7  8  9 10 11 12 |
---------------+-------------------------------------+-----
Invocations    | 1 2 3 4 5 6 7 8 |  8.5
Short Blades   | 1 2 3 4 5 6 7 |  7.8
Long Blades    | 1 2 3 4 5 6 7 |  7.8
Axes           | 1 2 3 4 5 6 7 |  7.8
Maces & Flails | 1 2 3 4 5 6 7 |  7.8
Polearms       | 1 2 3 4 5 6 7 |  7.8
Staves         | 1 2 3 4 5 6 7 |  7.8
Slings         | 1 2 3 4 5 6 7 |  7.8
Bows           | 1 2 3 4 5 6 7 |  7.8
Throwing       | 1 2 3 4 5 6 7 |  7.8
Stealth        | 1 2 3 4 5 6 7 |  7.8
Spellcasting   | 1 2 3 4 5 6 7 |  7.8
Evocations     | 1 2 3 4 5 6 7 |  7.8
Conjurations   | 1 2 3 4 5 6 |  6.4
Hexes          | 1 2 3 4 5 6 |  6.4
Charms         | 1 2 3 4 5 6 |  6.4
Summonings     | 1 2 3 4 5 6 |  6.4
Necromancy     | 1 2 3 4 5 6 |  6.4
Translocations | 1 2 3 4 5 6 |  6.4
Transmutations | 1 2 3 4 5 6 |  6.4
Fire Magic     | 1 2 3 4 5 6 |  6.4
Ice Magic      | 1 2 3 4 5 6 |  6.4
Air Magic      | 1 2 3 4 5 6 |  6.4
Earth Magic    | 1 2 3 4 5 6 |  6.4
Poison Magic   | 1 2 3 4 5 6 |  6.4
Armour         | 3 4 5 6 7 8 |  8.2
Dodging        | 3 4 5 6 7 8 |  8.2
Unarmed Combat | 3 4 5 6 7 8 |  8.2
Fighting       | 5 6 7 8 9 |  9.1
Shields        | 5 6 7 8 9 |  9.1
Crossbows      | 7 8 9 10 | 10.1

Action                   |  1- 3 |  4- 6 |  7- 9 | 10-12 | 13-15 || total
-------------------------+-------+-------+-------+-------+-------++-------
Melee: Hand axe          |    37 |     4 |       |       |       ||    41
       Bite              |     3 |       |    24 |   101 |     7 ||   135
       Quarterstaff      |       |       |   264 |   735 |    40 ||  1039
 Fire: Hand crossbow     |    61 |    99 |    46 |     7 |       ||   213
       Blowgun           |       |       |       |     6 |       ||     6
Throw: Throwing net      |       |       |       |     2 |       ||     2
 Cast: Throw Flame       |       |       |       |    19 |       ||    19
       Inner Flame       |       |       |       |    11 |       ||    11
       Sticky Flame      |       |       |       |     3 |     1 ||     4
       Petrify           |       |       |       |       |     3 ||     3
Evoke: Wand              |       |     1 |     5 |    82 |     5 ||    93
       Phial of floods   |       |       |       |     2 |       ||     2
  Use: Scroll            |       |     2 |     5 |    14 |     1 ||    22
       Potion            |       |     1 |     3 |    17 |     1 ||    22
 Stab: Sleeping          |     1 |       |     2 |     3 |       ||     6
       Paralysed         |       |       |     4 |    14 |       ||    18
       Distracted        |       |       |     1 |       |       ||     1
       Held in net/web   |       |       |       |     5 |       ||     5
       Confused          |       |       |       |     6 |       ||     6
       Petrifying        |       |       |       |     5 |       ||     5
       Petrified         |       |       |       |     2 |     2 ||     4
  Eat: Chunk             |     3 |     5 |     7 |    16 |       ||    31
       Ration            |       |     1 |     3 |     3 |       ||     7
Armor: Robe              |    12 |     8 |    91 |    62 |       ||   173
       Troll leather arm |       |       |       |   151 |    18 ||   169
       Skin              |       |       |       |    14 |     3 ||    17
Dodge: Dodged            |    45 |    21 |   192 |   557 |    34 ||   849
